 Dungeon Crawl Stone Soup version 0.22-a0-351-g29664b41f0 (webtiles) character file.

108 Dreamer the Changer (level 5, 0/37 HPs)
             Began as a Formicid Transmuter on Apr 13, 2018.
             Slain by an adder (3 damage)
             ... in a sewer.
             The game lasted 00:07:16 (1909 turns).

Dreamer the Changer (Formicid Transmuter)           Turns: 1909, Time: 00:07:16

Health: 0/37       AC:  5    Str: 15    XL:     5   Next: 12%
Magic:  8/8        EV: 11    Int: 12    God:
Gold:   101        SH:  4    Dex: 12    Spells: 4/8 levels left

rFire    . . .     SeeInvis +   e - +1 dagger (protect)
rCold    . . .     Gourm    .   j - +0 buckler
rNeg     . . .     Faith    .   g - +0 ring mail
rPois    .         Spirit   .   (helmet unavailable)
rElec    .         Reflect  .   (no cloak)
rCorr    +         Harm     .   (no gloves)
MR       .....                  (boots currently unavailable)
Stlth    +.........             (no amulet)
HPRegen  0.12/turn              l - ring of resist corrosion
MPRegen  0.11/turn              (no ring)

@: appendage (expiring), very slow
A: permanent stasis, dig shafts and tunnels, four strong arms, antennae 3,
talons 3
a: Dig, Shaft Self, End Transformation


You were in a sewer.
You were not hungry.
You had grown temporary talons.
You visited 1 branch of the dungeon, and saw 3 of its levels.
You also visited: Sewer.

You collected 101 gold pieces.

Inventory:

Hand Weapons
 e - a +1 dagger of protection (weapon)
Missiles
 a - 47 arrows
Armour
 b - a +0 robe
 g - a +0 ring mail (worn)
 i - a +0 plate armour
 j - a +0 buckler (worn)
Jewellery
 l - a ring of resist corrosion (left hand)
Scrolls
 c - 2 scrolls of identify {unknown}
 h - 2 scrolls of magic mapping {unknown}
 k - a scroll of noise {unknown}
 m - a scroll of enchant armour {unknown}
 p - 2 scrolls of teleportation {unknown}
Potions
 f - a potion of ambrosia {unknown}
 n - a potion of berserk rage {unknown}
 o - a potion of agility {unknown}
Comestibles
 d - 4 rations
 q - a chunk of flesh


   Skills:
 - Level 1.1 Fighting
 + Level 1.1 Armour
 - Level 2.4 Dodging
 + Level 1.3 Shields
 - Level 3.0 Unarmed Combat
 - Level 2.1 Spellcasting
 * Level 4.4 Transmutations


You had 4 spell levels left.
You knew the following spells:

 Your Spells              Type           Power        Failure   Level  Hunger
a - Beastly Appendage     Tmut           ##....       11%         1    ##.....
b - Spider Form           Tmut/Pois      #.........   61%         3    ####...


Dungeon Overview and Level Annotations

Branches:
Dungeon (3/15)

Altars:


Innate Abilities, Weirdness & Mutations

You cannot be hasted, slowed, berserked, paralysed or teleported.
You can dig through walls and to a lower floor.
Your four strong arms can wield two-handed weapons with a shield.
You have a pair of large antennae on your head. (SInv)
You have claws for feet.


Message History

The adder bites you but does no damage. x2
Your unstable footing causes you to fumble your attack.
The adder completely misses you.
You miss the adder. Your kick misses the adder.
The adder is severely wounded.
The adder misses you.
You hit the adder.
Your weapon exudes an aura of protection.
The adder is almost dead.
The adder bites you but does no damage. The adder bites you.
* * * LOW HITPOINT WARNING * * *
Your unstable footing causes you to fumble your attack.
The adder misses you.
You miss the adder. Your kick misses the adder.
The adder is severely wounded.
The adder bites you but does no damage.
You closely miss the adder. You claw the adder.
The adder is almost dead.
The adder bites you.
You die...

#≈# { ##≈## ##.≈.##
...####≈..≈≈#####..
..≈≈≈≈≈..∩.≈≈≈≈≈≈≈.
≈≈.####≈∩.≈.#####.?
##.≈.## ##S## #@#
#≈# #≈# ... ...
.≈... ..... ##≈.≈##


You could see an adder.

Vanquished Creatures
  3 gnolls (D:3)
  3 adders
  A worm (D:2)
  5 leopard geckos
  3 giant cockroaches
  A goblin (D:1)
  7 hobgoblins
  4 jackals (D:1)
  A quokka (D:2)
  3 bats
  3 frilled lizards
  6 kobolds
  2 rats (D:1)
42 creatures vanquished.

Notes
Turn   | Place    | Note
-------+----------+-------------------------------------------
     0 | D:1      | Dreamer the Formicid Transmuter began the quest for the Orb.
     0 | D:1      | Reached XP level 1. HP: 15/15 MP: 3/3
   180 | D:1      | Reached XP level 2. HP: 18/21 MP: 5/5
   300 | D:1      | Reached skill level 3 in Transmutations
   510 | D:1      | Reached XP level 3. HP: 20/26 MP: 6/6
   741 | D:2      | Learned a level 3 spell: Spider Form
  1235 | D:2      | Reached XP level 4. HP: 30/32 MP: 7/7
  1507 | D:3      | Found a glowing drain.
  1552 | D:3      | Reached skill level 4 in Transmutations
  1571 | D:3      | Reached skill level 1 in Shields
  1733 | D:3      | Reached skill level 1 in Armour
  1733 | D:3      | Reached XP level 5. HP: 20/37 MP: 8/8
  1853 | Sewer    | Entered a sewer
  1909 | Sewer    | Slain by an adder

Vault maps used:
D:1:      tarquinn_simple_flora_water_e, hangedman_feature_mirror,
          minmay_misc_feat_plants
D:3:      gup_sewer_entry_glass, first_ration, tso_altar
Sewer:    sewer_co_15_rooms

Skill      XL: |  1  2  3  4 |
---------------+-------------+-----
Dodging        | 2 |  2.4
Transmutations | 3 4 |  4.4
Shields        | 1 |  1.3
Armour         | 1 |  1.1
Fighting       | |  1.1
Unarmed Combat | |  3.0
Spellcasting   | |  2.1

Action                   |  1- 3 |  4- 6 || total
-------------------------+-------+-------++-------
Melee: Unarmed           |    13 |       ||    13
       Kick              |     1 |     3 ||     4
       Dagger            |   177 |   135 ||   312
       Punch             |     1 |       ||     1
 Cast: Beastly Appendage |     1 |     1 ||     2
  Eat: Chunk             |     1 |     3 ||     4
Armor: Robe              |    13 |       ||    13
       Ring mail         |    60 |    82 ||   142
Dodge: Dodged            |   136 |    78 ||   214
Block: Buckler           |       |    15 ||    15

Table legend:
 A = Spawn XP
 B = Non-spawn XP
 C = Spawn XP percentage of total XP
 D = Spawn monster count
 E = Non-spawn monster count
 F = Spawn count percentage of total count
 G = Total turns spent on level
                    A         B        C        D         E        F      G
               +---------+---------+-------+---------+---------+-------+---------
         Total |       0 |     155 |   0.0 |       0 |      42 |   0.0 |  1909
               +---------+---------+-------+---------+---------+-------+---------
           D:1 |       0 |      37 |   0.0 |       0 |      21 |   0.0 |   722
           D:2 |       0 |      35 |   0.0 |       0 |      10 |   0.0 |   727
           D:3 |       0 |      69 |   0.0 |       0 |      10 |   0.0 |   404
         Sewer |       0 |      14 |   0.0 |       0 |       1 |   0.0 |    56
               +---------+---------+-------+---------+---------+-------+---------
